 Dungeon Crawl Stone Soup version 0.19.1-1-g22dce08 (webtiles) character file.

5077 ImaNewbie the Fighter (level 10, -6/83 HPs)
             Began as a Ghoul Monk on Jan 15, 2017.
             Was an Elder of Hepliaklqana.
             Mangled by Lahna's ghost (24 damage)
             ... on level 8 of the Dungeon on Jan 16, 2017.
             The game lasted 00:19:57 (7735 turns).

ImaNewbie the Fighter (Ghoul Monk)                  Turns: 7735, Time: 00:19:57

Health: -6/83      AC: 15    Str: 16    XL:     10   Next: 56%
Magic:  9/9        EV: 11    Int:  7    God:    Hepliaklqana [****..]
Gold:   129        SH:  0    Dex: 14    Spells: 0 memorised, 9 levels left

rFire  . . .     SeeInvis .       - Unarmed
rCold  + + .     Gourm    .     w - +6 scale mail of the Grue {rPois MR++ Dex+2}
rNeg   + + +     Faith    .     (no shield)
rPois  ∞         Spirit   .     (no helmet)
rElec  .         Reflect  .     y - +0 cloak
rCorr  .         Harm     .     (no gloves)
MR     ++...                    (no boots)
Stlth  +.........               (no amulet)
                                (no ring)
                                p - ring of protection from cold

@: rotting
A: rotting body, reduced essence, claws 1, carnivore 3, cold resistance 1,
negative energy resistance 3, slow regeneration 1, torment resistance,
unbreathing
a: Recall Ancestor, Ancestor Identity, Transference, Idealise, Renounce Religion


You were on level 8 of the Dungeon.
You worshipped Hepliaklqana.
Hepliaklqana was greatly pleased with you.
You were not hungry.

You visited 2 branches of the dungeon, and saw 9 of its levels.

You collected 408 gold pieces.
You spent 279 gold pieces at shops.

Inventory:

Hand Weapons
 B - the +10 trident of Kismet {freeze, *Corrode rPois Str+8 Dex-4}
   (You found it on level 7 of the Dungeon)

   It has been specially enchanted to freeze those struck by it, causing extra
   injury to most foes and up to half again as much damage against particularly
   susceptible opponents.
   It can also slow down cold-blooded creatures.
   It affects your strength (+8).
   It affects your dexterity (-4).
   It protects you from poison.
   It may corrode you when you take damage.
Missiles
 a - 59 sling bullets
 d - 185 stones (quivered)
Armour
 w - the +6 scale mail of the Grue (worn) {rPois MR++ Dex+2}
   (You bought it in a shop on level 6 of the Dungeon)

   It affects your dexterity (+2).
   It protects you from poison.
   It affects your resistance to hostile enchantments.
 y - a +0 cloak (worn)
Jewellery
 p - a ring of protection from cold (left claw)
 A - an uncursed ring of see invisible {unknown}
Wands
 i - a wand of teleportation (2/9)
 m - a wand of enslavement (11/24)
 v - a wand of polymorph (8/24)
 x - a wand of confusion (20/48)
 H - a wand of lightning (3/15)
Scrolls
 c - a scroll of enchant armour
 e - 2 scrolls of recharging
 j - 5 scrolls of remove curse
 k - 3 scrolls of teleportation
 l - a scroll of brand weapon {unknown}
 r - 2 scrolls of identify
 u - 2 scrolls of magic mapping
 C - a scroll of noise {unknown}
Potions
 f - a potion of brilliance {unknown}
 g - a potion of flight
 h - 2 potions of heal wounds
 n - a potion of cancellation {unknown}
 o - 2 potions of curing
 s - 2 potions of haste {unknown}
 z - a potion of agility {unknown}
 E - a potion of berserk rage {unknown}
 F - a potion of might {unknown}
 G - 2 potions of magic {unknown}
Comestibles
 b - 8 meat rations
 q - 7 slices of pizza
 t - 2 beef jerkies
 D - 5 chunks of flesh


   Skills:
 - Level 10.1 Fighting
 + Level 8.4 Armour
 - Level 2.6 Dodging
 - Level 2.1 Stealth
 - Level 10.0 Unarmed Combat


You had 9 spell levels left.
You didn't know any spells.

Dungeon Overview and Level Annotations

Branches:
Dungeon (8/15)             Temple (1/1) D:4
   Lair: D:8-11

Altars:
Ashenzari
Cheibriados
Dithmenos
Elyvilon
Fedhas
Gozag
Hepliaklqana
Kikubaaqudgha
Makhleb
Nemelex Xobeh
Qazlal
Ru
Sif Muna
Trog
Uskayaw
Vehumet
Xom
Yredelemnul
Zin
The Shining One

Shops:
D:6 *[[%   D:7 !

Annotations:
D:8 Lahna's ghost, novice MiBe


Innate Abilities, Weirdness & Mutations

Your body is rotting away.
You thrive on raw meat.
You are immune to poison.
You have sharp fingernails.
You are carnivorous and can eat meat at any time.
Your flesh is cold resistant. (rC+)
You are immune to negative energy. (rN+++)
You regenerate slowly when monsters are visible.
You are immune to unholy pain and torment.
You can survive without breathing.
Your life essence is reduced. (-10% HP)


Message History

You scratch Lahna's ghost but do no damage.
Lahna's ghost is heavily damaged.
Synnove hits Lahna's ghost but does no damage.
You barely miss Lahna's ghost.
Lahna's ghost is heavily damaged.
Synnove hits Lahna's ghost with a dagger of draining.
You claw Lahna's ghost!
You claw Lahna's ghost, but do no damage.
Lahna's ghost is severely damaged.
Synnove casts a spell at Lahna's ghost.
Lahna's ghost resists with almost no effort.
You claw Lahna's ghost! Your claw misses Lahna's ghost.
Lahna's ghost is almost destroyed.
Lahna's ghost hits you!
* * * LOW HITPOINT WARNING * * *
x2 Synnove hits Lahna's ghost but does no damage.
You completely miss Lahna's ghost.
Lahna's ghost is almost destroyed.
Lahna's ghost seems less confused.
Lahna's ghost hits you!!
You die...

...####...#######......#
......#.......RW@......#
...##.#..#############.##
...##.#...W..R..........#
.#.##.#....##########..##
.#.##.#<................#
.#.#....##############.##
.#.#..#.................#
.#.#..#.#################
.#....#.# .####.#.#
......#.# #######.#
........# #########


You could see the friendly Synnove the hexer and Lahna's ghost.

Vanquished Creatures
  A hydra (D:8)
  A dream sheep (D:8)
  The ghost of Lahna the Cudgeler, an amateur MiBe of Trog (D:6)
  A yak (D:8)
  A steam dragon (D:7)
  Duvessa (D:5)
  2 orc warriors (D:8)
  2 ice beasts
  A sky beast (D:6)
  A hornet zombie (D:5)
  4 ogres
  A centaur (D:5)
  4 big kobolds (D:8)
  A bullfrog (D:8)
  Dowan (D:5)
  2 scorpions
  3 howler monkeys
  2 crimson imps (D:6)
  A centaur zombie (D:6)
  A centaur skeleton (D:5)
  A hound (D:7)
  2 jellies
  7 orc priests
  Crazy Yiuf (D:6)
  2 orc wizards (D:6)
  5 iguanas
  8 worker ants
  A howler monkey zombie (D:6)
  A howler monkey skeleton (D:4)
  10 adders
  A gnoll (D:1)
  An ooze (D:1)
  3 worms
  A dart slug (D:1)
  3 leopard geckos
  10 orcs
  4 giant cockroaches
  9 goblins
  13 hobgoblins
  5 jackals
  15 kobolds
  4 quokkas
  4 ball pythons
  5 bats
  6 frilled lizards
  A quokka skeleton (D:5)
  6 rats
161 creatures vanquished.

Vanquished Creatures (collateral kills)
  A dream sheep (D:8)
  A hippogriff (D:4)
  A yak (D:8)
  Edmund (D:5)
  2 ogres (D:6)
  A sky beast (D:8)
  A scorpion (D:6)
  A crimson imp (D:5)
  2 orc wizards
  A worker ant (D:8)
  A shadow imp (D:8)
  A leopard gecko (D:5)
  3 orcs
  A giant cockroach (D:5)
  3 hobgoblins (D:4)
  A quokka (D:8)
  4 goblins (D:4)
  A jackal zombie (D:5)
27 creatures vanquished.

Vanquished Creatures (others)
  2 hexers (D:5)
2 creatures vanquished.

Grand Total: 190 creatures vanquished

Notes
Turn   | Place    | Note
-------+----------+-------------------------------------------
     0 | D:1      | ImaNewbie the Ghoul Monk began the quest for the Orb.
     0 | D:1      | Reached XP level 1. HP: 19/19 MP: 0/0
   132 | D:1      | Reached XP level 2. HP: 19/26 MP: 1/1
   470 | D:1      | Reached XP level 3. HP: 28/33 MP: 2/2
   918 | D:2      | Found an ancient bone altar of Kikubaaqudgha.
   948 | D:2      | Found a stormy altar of Qazlal.
  1030 | D:2      | Found a shattered altar of Ashenzari.
  1100 | D:2      | Found a glowing silver altar of Zin.
  1102 | D:2      | Found a hide-covered altar of Uskayaw.
  1109 | D:2      | Reached XP level 4. HP: 35/41 MP: 3/3
  1114 | D:2      | Found a shimmering altar of Xom.
  1327 | D:2      | Found a white marble altar of Elyvilon.
  2021 | D:3      | Reached XP level 5. HP: 47/47 MP: 4/4
  2089 | D:3      | Reached skill level 5 in Fighting
  2089 | D:3      | Reached skill level 5 in Unarmed Combat
  2370 | D:3      | Found a basalt altar of Yredelemnul.
  2866 | D:4      | Found a burning altar of Makhleb.
  2882 | D:4      | Noticed an ogre
  2897 | D:4      | Killed an ogre
  2897 | D:4      | Reached XP level 6. HP: 49/56 MP: 5/5
  2907 | D:4      | Found a staircase to the Ecumenical Temple.
  2928 | Temple   | Entered the Ecumenical Temple
  2979 | Temple   | Became a worshipper of Hepliaklqana the Forgotten
  2979 | Temple   | Reached * piety under Hepliaklqana
  2979 | Temple   | Reached ** piety under Hepliaklqana
  2981 | Temple   | Remembered your ancestor Synnove as a hexer
  3264 | D:4      | Reached XP level 7. HP: 45/57 MP: 6/6
  3386 | D:4      | Found a sacrificial altar of Ru.
  3533 | D:5      | Entered Level 5 of the Dungeon
  3556 | D:5      | Noticed Dowan
  3557 | D:5      | Noticed Duvessa
  3823 | D:5      | Reached XP level 8. HP: 62/65 MP: 7/7
  4101 | D:5      | Killed Duvessa
  4121 | D:5      | Killed Dowan
  4189 | D:5      | Noticed Edmund
  4189 | D:5      | Noticed a hippogriff
  4276 | D:4      | Killed a hippogriff
  4355 | D:5      | Killed Edmund
  4357 | D:5      | Reached XP level 9. HP: 44/74 MP: 8/8
  4522 | D:5      | Found a deep blue altar of Sif Muna.
  4523 | D:5      | Found a shadowy altar of Dithmenos.
  4539 | D:6      | Reached *** piety under Hepliaklqana
  4670 | D:6      | Noticed Lahna's ghost (amateur MiBe)
  4685 | D:6      | Killed Lahna's ghost
  4940 | D:6      | Reached skill level 10 in Fighting
  5083 | D:6      | Found Idedat's Food Shoppe.
  5193 | D:6      | Reached skill level 10 in Unarmed Combat
  5251 | D:6      | Found Qoetoh's Antique Armour Shop.
  5259 | D:6      | Bought a fine scale mail for 279 gold pieces
  5270 | D:6      | Identified the +6 scale mail of the Grue {rPois MR++ Dex+2} (You bought it in a shop on level 6 of the Dungeon)
  5312 | D:6      | Found a runed door.
  5365 | D:6      | Found Aruz's Antique Armour Shop.
  5389 | D:6      | Found Weinal's Assorted Antiques.
  5475 | D:6      | Reached skill level 1 in Armour
  5693 | D:6      | Noticed Crazy Yiuf
  5697 | D:6      | Killed Crazy Yiuf
  5782 | D:7      | Reached **** piety under Hepliaklqana
  6035 | D:7      | Got a brightly glowing trident
  6036 | D:7      | Identified the +10 trident of Kismet {freeze, *Corrode rPois Str+8 Dex-4} (You found it on level 7 of the Dungeon)
  6367 | D:7      | Found Conkig's Distillery.
  6557 | D:8      | Reached skill level 5 in Armour
  6641 | D:8      | Reached XP level 10. HP: 83/83 MP: 9/9
  6771 | D:8      | Noticed a three-headed hydra
  6787 | D:8      | Killed a three-headed hydra
  7507 | D:8      | Noticed Lahna's ghost (novice MiBe)
  7735 | D:8      | Mangled by Lahna's ghost

Skill      XL: |  1  2  3  4  5  6  7  8  9 10 |
---------------+-------------------------------+-----
Unarmed Combat | 4 5 6 7 9 10 | 10.0
Fighting       | 4 5 6 7 9 10 | 10.1
Armour         | 5 8 |  8.4
Dodging        | |  2.6
Stealth        | |  2.1

Action                   |  1- 3 |  4- 6 |  7- 9 | 10-12 || total
-------------------------+-------+-------+-------+-------++-------
Melee: Unarmed           |   125 |   201 |   257 |    89 ||   672
       Punch             |     1 |     6 |     7 |     2 ||    16
Invok: Ancestor Life: He |       |     1 |       |       ||     1
       Recall Ancestor   |       |       |     2 |       ||     2
  Use: Scroll            |       |     8 |     6 |       ||    14
 Stab: Distracted        |       |       |     1 |     1 ||     2
       Confused          |       |       |     4 |     2 ||     6
  Eat: Chunk             |     6 |    18 |    38 |     7 ||    69
Armor: Ring mail         |    31 |    24 |       |       ||    55
       Scale mail        |       |    25 |    77 |    31 ||   133
Dodge: Dodged            |    65 |    84 |    99 |    42 ||   290
